 Seeded DCSS version 0.28-a0-1555-g9ae15a6949 (webtiles) character file.

Game seed: 2 (custom seed)

319 knot the Chopper (level 6, 34/70 HPs)
             Began as a Demonspawn Berserker on Jan 19, 2022.
             Was a Believer of Trog.
             Quit the game on level 3 of the Dungeon.
             The game lasted 00:03:04 (3835 turns).

knot the Chopper (Demonspawn Berserker)             Turns: 3835, Time: 00:03:05

Health: 34/70      AC:  5    Str: 17    XL:     6   Next: 21%
Magic:  6/6        EV: 11    Int: 10    God:    Trog [**....]
Gold:   80         SH:  0    Dex: 13    Spells: 5/5 levels left

rFire   . . .      SeeInvis .   h - +2 whip (elec)
rCold   . . .      Faith    .   (no shield)
rNeg    . . .      Spirit   .   j - +0 ring mail
rPois   .          Reflect  .   (no helmet)
rElec   .          Harm     .   (no cloak)
rCorr   .          Rampage  .   (no gloves)
Will    .....                   (no boots)
Stlth   ..........              (no amulet)
HPRegen 0.21/turn               (no ring)
MPRegen 0.10/turn               (no ring)

@: berserking, very quick
A: claws 1, ignite blood 1
a: Renounce Religion, Berserk, Trog's Hand


You were on level 3 of the Dungeon.
You worshipped Trog.
Trog was pleased with you.
You visited 1 branch of the dungeon, and saw 3 of its levels.

You collected 80 gold pieces.

Inventory:

Hand Weapons
 a - a +0 hand axe
 h - a +2 whip of electrocution (weapon)
Missiles
 d - 56 stones (quivered)
 e - 26 sling bullets
 f - 2 boomerangs
Armour
 j - a +0 ring mail (worn)
Jewellery
 k - a ring of positive energy
Scrolls
 c - 3 scrolls of identify
 g - a scroll of holy word {unknown}
Potions
 b - a potion of attraction {unknown}
 i - a potion of degeneration


   Skills:
 - Level 3.0 Fighting
 + Level 6.4 Axes
 - Level 1.7 Armour
 - Level 1.7 Dodging


You had 5 spell levels left.
You didn't know any spells.
Your spell library contained the following spells:

 Spells                   Type           Power      Damage    Failure   Level
 Tukima's Dance           Hex            0%         N/A       90%         3
 Passage of Golubria      Tloc           0%         N/A       100%        4
 Yara's Violent Unravell  Hex/Tmut       0%         3d3       100%        5


Dungeon Overview and Level Annotations

Branches:
Dungeon (3/15)

Altars:
The Shining One


Innate Abilities, Weirdness & Mutations

You have sharp fingernails.
Your demonic aura sometimes causes spilled blood to erupt in flames.


Message History

Your Axes skill increases to level 6!
You barely miss the orc. The orc misses you.
You hit the orc.
The orc is lightly wounded.
The orc barely misses you. The orc hits you with a +0 whip.
You hit the orc.
The orc is moderately wounded.
The orc hits you with a +0 dagger.
You hit the orc but do no damage. Lightning courses through the orc!
You kill the orc!
Trog accepts your kill. The orc hits you with a +0 dagger.
You whack the orc!
You kill the orc!
Trog accepts your kill.
No target in view!
No target in view!
No target in view!
An ogre is nearby!
An ogre is nearby!
An ogre is nearby!
An ogre is nearby!
A red film seems to cover your vision as you go berserk!
You feel yourself moving faster!
You feel mighty!
You barely miss the ogre. The ogre closely misses you.
You whack the ogre! Lightning courses through the ogre!
The ogre is almost dead.
You barely miss the ogre.
The ogre is almost dead.
The ogre hits you with a +0 giant spiked club!!
Ouch! That really hurt!
You are too injured to fight recklessly!
You are too injured to fight recklessly!
You whack the ogre!
You kill the ogre!
Trog accepts your kill.
You have reached level 6!
Your demonic ancestry asserts itself...
Your blood heats up.
Are you sure you want to abandon this character and quit the game? (Confirm with "yes".)

### .. ##.##
#####...##
.........#
#.)).# ##)#@#
...#)#
##..#.##########
#..#...<.......
#..############
#.. ... .. #.


There were no monsters in sight!

Vanquished Creatures
  An ogre (D:3)
  A scorpion (D:2)
  3 orc priests
  2 adders (D:2)
  A worm (D:2)
  6 orcs
  8 ball pythons
  5 endoplasms
  3 giant cockroaches
  4 hobgoblins
  2 jackals (D:1)
  4 quokkas (D:1)
  7 bats
  3 frilled lizards (D:1)
  4 goblins
  8 kobolds
  6 rats
68 creatures vanquished.

Notes
Turn   | Place    | Note
-------+----------+-------------------------------------------
     0 | D:1      | knot the Demonspawn Berserker began the quest for the Orb.
     0 | D:1      | Reached XP level 1. HP: 18/18 MP: 1/1
    51 | D:1      | Reached skill level 3 in Axes
   128 | D:1      | Gained mutation: You have sharp fingernails. [demonic
                  | ancestry]
   128 | D:1      | Reached XP level 2. HP: 9/24 MP: 2/2
   906 | D:1      | Found a faded altar of an unknown god.
  1033 | D:1      | Reached XP level 3. HP: 29/29 MP: 3/3
  1523 | D:1      | Reached skill level 4 in Axes
  1927 | D:2      | Reached ** piety under Trog
  2350 | D:2      | Reached XP level 4. HP: 26/35 MP: 4/4
  3283 | D:2      | Reached skill level 5 in Axes
  3337 | D:3      | Reached XP level 5. HP: 32/41 MP: 5/5
  3415 | D:3      | Noticed an ogre
  3415 | D:3      | Noticed a sky beast
  3762 | D:3      | Reached skill level 6 in Axes
  3834 | D:3      | Killed an ogre
  3835 | D:3      | Gained mutation: Your demonic aura sometimes causes spilled
                  | blood to erupt in flames. [demonic ancestry]
  3835 | D:3      | Reached XP level 6. HP: 34/47 MP: 6/6
  3835 | D:3      | Quit the game

Illustrated notes

Levels and vault maps discovered:
D:1:      lemuel_arrival_broad_hall, layout_basic,
          nicolae_ecumenical_snake_handling, minmay_misc_feat_tiny
D:2:      layout_basic, basic_altar
D:3:      layout_loops_ring

Skill      XL: |  1  2  3  4  5 |
---------------+----------------+-----
Axes           | 3 4 5 6 |  6.4
Fighting       | |  3.0
Armour         | |  1.7
Dodging        | |  1.7

Action                   |  1- 3 |  4- 6 || total
-------------------------+-------+-------++-------
Melee: Hand axe          |   110 |    45 ||   155
       Whip              |       |    31 ||    31
Invok: Berserk           |     3 |     6 ||     9
  Use: Scroll            |     4 |       ||     4
 Stab: Sleeping          |     2 |       ||     2
Armor: Animal skin       |    17 |       ||    17
       Ring mail         |     1 |    23 ||    24
Dodge: Dodged            |    80 |    50 ||   130

Table legend: (Time is in decaauts)
 A = Elapsed time spent in this place.
 B = Non-inter-level travel time spent in this place.
 C = Inter-level travel time spent in this place.
 D = Time resting spent in this place.
 E = Time spent auto-exploring this place.
 F = Levels seen in this place.
 G = Mean time per level.
                   A        B        C        D        E       F      G
               +--------+--------+--------+--------+--------+-----+--------+
         Total |   3934 |   3875 |     59 |   2009 |   1410 |   3 | 1311.3 |
       Dungeon |   3934 |   3875 |     59 |   2009 |   1410 |   3 | 1311.3 |
               +--------+--------+--------+--------+--------+-----+--------+

Top non-repeatable levels by time:
     D:2: 1992 daAuts
     D:1: 1740 daAuts
     D:3: 201 daAuts
